 Dungeon Crawl Stone Soup version 0.29.1-15-g9cfb28693d (webtiles) character file.

Game seed: 3940708275548323218

60 Artool the Trooper (level 3, -1/29 HPs)
             Began as a Demonspawn Fighter on Apr 11, 2023.
             Slain by Terence
             ... wielding a +3 mace of protection
              (2 damage)
             ... on level 2 of the Dungeon.
             The game lasted 00:02:24 (2679 turns).

Artool the Trooper (Demonspawn Fighter)             Turns: 2679, Time: 00:02:24

Health: -1/29      AC:  6    Str: 18    XL:     3   Next: 80%
Magic:  3/3        EV:  9    Int:  9    God:
Gold:   86         SH:  5    Dex: 18    Spells: 2/2 levels left

rFire   . . .      SeeInvis .   n - +0 whip
rCold   . . .      Faith    .   c - +0 buckler
rNeg    . . .      Spirit   .   b - +0 scale mail
rPois   .          Reflect  .   (no helmet)
rElec   .          Harm     .   (no cloak)
rCorr   .          Rampage  .   (no gloves)
Will    .....                   (no boots)
Stlth   ..........              (no amulet)
HPRegen 0.09/turn               j - +6 ring of dexterity
MPRegen 0.08/turn               (no ring)

@: no status effects
A: claws 1
a: no special abilities


You were on level 2 of the Dungeon.
You visited 1 branch of the dungeon, and saw 2 of its levels.

You collected 86 gold pieces.

Inventory:

Hand Weapons
 a - a +0 flail
 n - a +0 whip (weapon)
Missiles
 g - a throwing net (quivered)
Armour
 b - a +0 scale mail (worn)
 c - a +0 buckler (worn)
Jewellery
 j - a +6 ring of dexterity (left claw)
 p - a +6 ring of strength
Scrolls
 e - a scroll of noise {unknown}
 f - a scroll of fog {unknown}
 i - 2 scrolls of immolation
 k - 2 scrolls of identify {unknown}
 m - a scroll of magic mapping {unknown}
 o - a scroll of vulnerability {unknown}
Potions
 d - 2 potions of might
 h - a potion of heal wounds {unknown}
 l - a potion of curing {unknown}


   Skills:
 + Level 3.5 Fighting
 + Level 2.5 Maces & Flails
 + Level 3.2 Armour
 - Level 3.0 Shields


You had 2 spell levels left.
You didn't know any spells.
Your spell library contained the following spells:

 Spells                   Type           Power      Damage    Failure   Level
 Sandblast                Erth           0%         2d4       86%         1
 Slow                     Hex            0%         N/A       86%         1
 Passwall                 Tmut/Erth      0%         N/A       94%         2
 Confusing Touch          Hex            0%         N/A       99%         3
 Stone Arrow              Conj/Erth      0%         3d7       99%         3
 Vampiric Draining        Necr           0%         2d6       99%         3


Dungeon Overview and Level Annotations

Branches:
Dungeon (2/15)

Altars:

Annotations:
D:2 Terence


Innate Abilities, Weirdness & Mutations

You have sharp fingernails.


Message History

No target in view!
Key pressed, stopping explore.
No target in view!
Terence the Incautious comes into view.
He is wielding a +3 mace of protection.
Terence shouts!
Terence hits you with a +3 mace of protection.
You closely miss Terence.
Terence hits you with a +3 mace of protection.
You hit Terence.
Terence is moderately wounded.
Terence hits you with a +3 mace of protection.
You hit Terence.
Terence is moderately wounded.
Terence hits you with a +3 mace of protection!
You are too injured to fight recklessly!
You are too injured to fight recklessly!
You are too injured to fight recklessly!
You barely miss Terence.
Terence is moderately wounded.
Terence closely misses you.
You hit Terence but do no damage.
Terence is moderately wounded.
You block Terence's attack.
You hit Terence but do no damage.
Terence is moderately wounded.
Terence hits you with a +3 mace of protection.
You hit Terence but do no damage.
Terence is moderately wounded.
Terence hits you but does no damage.
You hit Terence but do no damage.
Terence is moderately wounded.
Terence hits you with a +3 mace of protection!
* * * LOW HITPOINT WARNING * * *
You hit Terence but do no damage.
Terence is moderately wounded.
Terence hits you but does no damage.
You barely miss Terence.
Terence is moderately wounded.
Terence hits you with a +3 mace of protection.
You die...

## ##.#....#####
###
#......#...##..
##....)#...#..
#..#+##...#.#
##...##...#$#
###..#.....#####
#####..#.........#
#......[.#.......#
#..........>@....#
#........#...@...#
#........#.......#
##########.....(.#
#.......#
#########


You could see Terence.

Vanquished Creatures
  2 adders (D:2)
  5 bats
  6 endoplasms
  3 giant cockroaches (D:1)
  5 goblins
  5 hobgoblins
  3 kobolds (D:1)
  4 ball pythons
  3 frilled lizards (D:2)
  2 rats (D:1)
38 creatures vanquished.

Notes
Turn   | Place    | Note
-------+----------+-------------------------------------------
     0 | D:1      | Artool the Demonspawn Fighter began the quest for the Orb.
     0 | D:1      | Reached XP level 1. HP: 18/18 MP: 1/1
   285 | D:1      | Gained mutation: You have sharp fingernails. [demonic
                  | ancestry]
   285 | D:1      | Reached XP level 2. HP: 20/24 MP: 2/2
  1237 | D:1      | Reached XP level 3. HP: 23/29 MP: 3/3
  2422 | D:2      | Found a faded altar of an unknown god.
  2666 | D:2      | Noticed Terence
  2677 | D:2      | HP: 1/29 [Terence/+3 mace of protection (9)]
  2679 | D:2      | Slain by Terence

Illustrated notes

Levels and vault maps discovered:
D:1:      saegor_arrival_fortress, layout_loops_ring
D:2:      layout_basic, hellmonk_ecumenical_altar_blasted, uniq_terence

Skill      XL: |  1  2 |
---------------+-------+-----
Maces & Flails | 2 |  2.5
Shields        | 3 |  3.0
Armour         | 3 |  3.2
Fighting       | |  3.5

Action                   || total
-------------------------++-------
Melee: Flail             ||    84
       Whip              ||    81
Armor: Scale mail        ||    67
Dodge: Dodged            ||    60
Block: Buckler           ||    38
